 Dungeon Crawl Stone Soup version 0.30-a0-422-g946f4849ff (webtiles) character file.

Game seed: 11421966483985519932

127 pokeman the Magician (level 4, -1/25 HPs)
             Began as a Deep Elf Hedge Wizard on Dec 8, 2022.
             Slain by an ice beast (4 damage)
             ... on level 4 of the Dungeon.
             The game lasted 00:04:34 (3097 turns).

pokeman the Magician (Deep Elf Hedge Wizard)        Turns: 3097, Time: 00:04:35

Health: -1/25      AC:  3    Str:  7    XL:     4   Next: 85%
Magic:  0/13       EV: 12    Int: 21    God:
Gold:   169        SH:  5    Dex: 14    Spells: 6/14 levels left

rFire   . . .      SeeInvis .    e - +0 short sword (speed)
rCold   . . .      Faith    .    (no shield)
rNeg    . . .      Spirit   .    b - +0 robe
rPois   .          Reflect  +    c - +0 hat
rElec   .          Harm     .    v - +0 cloak
rCorr   .          Rampage  .    (no gloves)
Will    .....                    (no boots)
Stlth   ++........               p - amulet of reflection
HPRegen 0.24/turn                (no ring)
MPRegen 0.13/turn                (no ring)

@: very slightly contaminated
A: no striking features
a: no special abilities


You were on level 4 of the Dungeon.
You visited 1 branch of the dungeon, and saw 4 of its levels.

You collected 169 gold pieces.

Inventory:

Hand Weapons
 e - a +0 short sword of speed (weapon)
Armour
 b - a +0 robe (worn)
 c - a +0 hat (worn)
 g - an orb of energy
 i - +0 gold dragon scales
 n - the +1 buckler of the Eight Violins {*Corrode MP-9 Str+7 Dex+3 Stlth+}
   (You found it on level 2 of the Dungeon)

   Str:       It affects your strength (+7).
   Dex:       It affects your dexterity (+3).
   MP:        It affects your magic capacity (-9).
   *Corrode:  It may corrode you when you take damage.
   Stlth:     It makes you more stealthy.
 v - a +0 cloak (worn)
Jewellery
 p - an amulet of reflection (around neck)
Scrolls
 a - a scroll of silence {unknown}
 f - 9 scrolls of identify {unknown}
 h - a scroll of noise {unknown}
 j - a scroll of blinking {unknown}
 k - a scroll of immolation {unknown}
 l - 3 scrolls of teleportation {unknown}
 s - a scroll of enchant armour {unknown}
 w - a scroll of fog {unknown}
Potions
 d - a potion of magic
 m - a potion of brilliance {unknown}
 o - a potion of curing {unknown}
 q - a potion of ambrosia {unknown}
 r - a potion of degeneration {unknown}
 t - 2 potions of might {unknown}
 u - a potion of berserk rage {unknown}


   Skills:
 - Level 1.0 Fighting
 - Level 1.0 Armour
 + Level 2.8 Dodging
 - Level 3.0 Stealth
 + Level 0.0 Shields
 * Level 5.9 Spellcasting
 + Level 2.4 Conjurations
 - Level 1.1 Summonings
 - Level 1.1 Translocations


You had 6 spell levels left.
You knew the following spells:

 Your Spells              Type           Power      Damage    Failure   Level
a - Magic Dart            Conj           64%        1d6       3%          1
b - Mephitic Cloud        Conj/Pois/Air  9%         N/A       22%         3
c - Call Imp              Summ           10%        N/A       10%         2
d - Blink                 Tloc           20%        N/A       10%         2

Your spell library contained the following spells:

 Spells                   Type           Power      Damage    Failure   Level
 Necrotise                Necr           24%        1d5       10%         1
 Slow                     Hex            24%        N/A       10%         1
 Cigotuvi's Dreadful Rot  Necr/Pois/Air  12%        N/A       16%         2
 Ensorcelled Hibernation  Hex/Ice        12%        N/A       16%         2
 Passwall                 Tmut/Erth      5%         N/A       16%         2
 Gell's Gravitas          Tloc           10%        N/A       19%         3
 Lesser Beckoning         Tloc           20%        N/A       19%         3
 Teleport Other           Tloc           10%        N/A       19%         3
 Swiftness                Air            6%         N/A       30%         3
 Vampiric Draining        Necr           6%         2d6       30%         3
 Agony                    Necr           6%         N/A       95%         5


Dungeon Overview and Level Annotations

Branches:
Dungeon (4/15)
 Temple: D:4-7

Altars:
Cheibriados
Dithmenos
Hepliaklqana
Xom

Shops:
D:1 (

Annotations:
D:4 4 runed translucent doors


Message History

Casting: Magic Dart (safe; 3% risk of failure)
Confirm with . or Enter, or press ? or * to list all spells.
Aiming: Magic Dart (safe; 3% risk of failure)
Press: ? - help, Shift-Dir - straight line, f/p - ice beast
Aim: an ice beast (severely wounded, 100% to hit)
You miscast Magic Dart.
You are very lightly contaminated with residual magic.
Nothing appears to happen.
The ice beast hits you. The ice beast freezes you.
Casting: Magic Dart (safe; 3% risk of failure)
Confirm with . or Enter, or press ? or * to list all spells.
Aiming: Magic Dart (safe; 3% risk of failure)
Press: ? - help, Shift-Dir - straight line, f/p - ice beast
Aim: an ice beast (severely wounded, 100% to hit)
The magic dart hits the ice beast.
The ice beast is severely wounded.
The ice beast hits you but does no damage.
Casting: Magic Dart (safe; 3% risk of failure)
Confirm with . or Enter, or press ? or * to list all spells.
Aiming: Magic Dart (safe; 3% risk of failure)
Press: ? - help, Shift-Dir - straight line, f/p - ice beast
Aim: an ice beast (severely wounded, 100% to hit)
You miscast Magic Dart.
Nothing appears to happen.
The ice beast closely misses you.
Casting: Magic Dart (safe; 3% risk of failure)
Confirm with . or Enter, or press ? or * to list all spells.
Aiming: Magic Dart (safe; 3% risk of failure)
Press: ? - help, Shift-Dir - straight line, f/p - ice beast
Aim: an ice beast (severely wounded, 100% to hit)
The magic dart hits the ice beast.
The ice beast is almost dead.
The ice beast hits you. The ice beast freezes you!
Ouch! That really hurt!
* * * LOW HITPOINT WARNING * * *
Casting: Magic Dart (safe; 3% risk of failure)
Confirm with . or Enter, or press ? or * to list all spells.
Aiming: Magic Dart (safe; 3% risk of failure)
Press: ? - help, Shift-Dir - straight line, f/p - ice beast
Aim: an ice beast (almost dead, 100% to hit)
You miscast Magic Dart.
Nothing appears to happen.
The ice beast hits you.
You die...

....... ...##..###.#
####### #..###.### #
#....Y...# # ##)###.#.# #
#.###.#.# # #.#.... .
#.#.#####. #Y#.# .# ###
#.@.# # ##.## ###.#
##.#.###########.#####.#
##.#<...................#
......##############.#.##
####.## # ###


You could see an ice beast.

Vanquished Creatures
  A jelly (D:4)
  Jessica (D:2)
  An adder (D:3)
  A worm (D:3)
  3 dart slugs (D:1)
  An orc (D:3)
  7 endoplasms
  3 giant cockroaches
  5 goblins
  3 hobgoblins
  A quokka (D:3)
  5 ball pythons
  9 bats
  2 frilled lizards (D:1)
  5 kobolds
  5 rats
53 creatures vanquished.

Notes
Turn   | Place    | Note
-------+----------+-------------------------------------------
     0 | D:1      | pokeman the Deep Elf Hedge Wizard began the quest for the
                  | Orb.
     0 | D:1      | Reached XP level 1. HP: 10/10 MP: 7/7
   247 | D:1      | Reached XP level 2. HP: 16/16 MP: 4/9
   290 | D:1      | Found Fuivuur's Antique Weapon Boutique.
   744 | D:1      | Reached skill level 5 in Spellcasting
  1047 | D:2      | Noticed Jessica
  1052 | D:2      | Killed Jessica
  1053 | D:2      | Reached skill level 1 in Fighting
  1053 | D:2      | Reached skill level 1 in Armour
  1053 | D:2      | Reached XP level 3. HP: 18/20 MP: 5/11
  1057 | D:2      | Learned a level 3 spell: Mephitic Cloud
  1060 | D:2      | Learned a level 2 spell: Call Imp
  1063 | D:2      | Learned a level 2 spell: Blink
  1685 | D:2      | Identified the +1 buckler of the Eight Violins {*Corrode
                  | MP-9 Str+7 Dex+3 Stlth+}
  2148 | D:3      | Found a snail-covered altar of Cheibriados.
  2172 | D:3      | Reached XP level 4. HP: 25/25 MP: 10/13
  2221 | D:3      | Found a hazy altar of Hepliaklqana.
  2237 | D:3      | Found a shadowy altar of Dithmenos.
  2237 | D:3      | Noticed a shadow
  2597 | D:3      | Found a faded altar of an unknown god.
  2602 | D:3      | Found a shimmering altar of Xom.
  2888 | D:4      | Found a large runed translucent door.
  2975 | D:4      | Found a large runed translucent door.
  2980 | D:4      | Found a large runed translucent door.
  2986 | D:4      | Found a large runed translucent door.
  2989 | D:4      | Noticed a kobold brigand
  3057 | D:4      | Noticed an ice beast
  3097 | D:4      | Slain by an ice beast

Illustrated notes

Levels and vault maps discovered:
D:1:      giann_bridges, layout_basic, serial_shops, nicolae_diamond_shop,
          minmay_cupped
D:2:      layout_basic, uniq_jessica
D:3:      layout_basic, riverfiend_overflow_shadow_ancestor,
          cheibriados_altar_1, nicolae_overflow_ecumenical_swirl,
          minmay_box_of_dots
D:4:      layout_loops_ring, nicolae_ashenzari_skybound,
          minmay_hollow_rounded_squares

Skill      XL: |  1  2  3  4 |
---------------+-------------+-----
Spellcasting   | 5 |  5.9
Fighting       | 1 |  1.0
Armour         | 1 |  1.0
Conjurations   | 2 |  2.4
Stealth        | 3 |  3.0
Dodging        | |  2.8
Summonings     | |  1.1
Translocations | |  1.1

Action                   |  1- 3 |  4- 6 || total
-------------------------+-------+-------++-------
Melee: Dagger            |     6 |       ||     6
       Short sword       |     5 |       ||     5
 Cast: Magic Dart        |    83 |    52 ||   135
       Call Imp          |       |     2 ||     2
Armor: Robe              |     4 |     1 ||     5
Dodge: Dodged            |    15 |     2 ||    17

Table legend: (Time is in decaauts)
 A = Elapsed time spent in this place.
 B = Non-inter-level travel time spent in this place.
 C = Inter-level travel time spent in this place.
 D = Time resting spent in this place.
 E = Time spent auto-exploring this place.
 F = Levels seen in this place.
 G = Mean time per level.
                   A        B        C        D        E       F      G
               +--------+--------+--------+--------+--------+-----+--------+
         Total |   3096 |   3032 |     64 |    125 |   2567 |   4 |  774.0 |
       Dungeon |   3096 |   3032 |     64 |    125 |   2567 |   4 |  774.0 |
               +--------+--------+--------+--------+--------+-----+--------+

Top non-repeatable levels by time:
     D:2: 1038 daAuts
     D:1: 1015 daAuts
     D:3: 833 daAuts
     D:4: 208 daAuts
